 Dungeon Crawl Stone Soup version 0.18-a0-1035-g72c9994 (webtiles) character file.

30503 Duffy the Grappler (level 13, 0/113 HPs)
             Began as a Hill Orc Monk on Jan 9, 2016.
             Was the Champion of Cheibriados.
             Slain by a yak (8 damage)
             ... on level 5 of the Lair of Beasts.
             The game lasted 00:22:06 (14794 turns).

Duffy the Grappler (Hill Orc Monk)                 Turns: 14794, Time: 00:22:07

Health: 0/113      AC: 26    Str: 32    XL:     13   Next: 52%
Magic:  14/19      EV: 17    Int: 25    God:    Cheibriados [******]
Gold:   606        SH:  0    Dex: 33    Spells: 0 memorised, 12 levels left

rFire  . . .     SeeInvis .     a - +14 plutonium sword {*Contam Stlth-}
rCold  + . .     Gourm    .     H - +0 plate armour
rNeg   + + .     Faith    .     (shield currently unavailable)
rPois  +         Spirit   .     i - +2 helmet
rElec  .         Dismiss  .     L - +0 cloak
rCorr  .         Reflect  .     t - +0 pair of gloves
SustAt .         Harm     .     (no boots)
MR     .....                    I - amulet of regeneration
Stlth  ..........               P - +6 ring of protection
                                d - ring of the Leaf {rPois rN++ Dex+3}

@: very slow, not resistant to hostile enchantments, extremely unstealthy
A: cold resistance 1
a: Bend Time, Temporal Distortion, Slouch, Step From Time, Renounce Religion


You were on level 5 of the Lair of Beasts.
You worshipped Cheibriados.
Cheibriados was exalted by your worship.
You were not hungry.

You visited 2 branches of the dungeon, and saw 15 of its levels.

You collected 925 gold pieces.
You spent 319 gold pieces at shops.


Innate Abilities, Weirdness & Mutations

Your flesh is cold resistant.


   Skills:
 - Level 10.0 Fighting
 * Level 9.8 Long Blades
 + Level 9.1 Armour
 + Level 8.1 Dodging
 - Level 1.5 Stealth
 - Level 14.8 Unarmed Combat
 - Level 9.0 Invocations


You had 12 spell levels left.
You didn't know any spells.

Inventory:

Hand Weapons
 a - the +14 plutonium sword (weapon) {*Contam Stlth-}

   It causes magical contamination when unequipped.
   It makes you less stealthy.
Missiles
 K - 4 throwing nets (quivered)
Armour
 i - a +2 helmet (worn)
 t - a +0 pair of gloves (worn)
 H - a +0 plate armour (worn)
 L - a +0 cloak (worn)
Jewellery
 d - the ring of the Leaf (left hand) {rPois rN++ Dex+3}

   [ring of dexterity]

   It affects your dexterity (+3).
   It protects you from poison.
   It greatly protects you from negative energy.
 q - an uncursed ring of see invisible
 I - an amulet of regeneration (around neck)
 P - a +6 ring of protection (right hand)
 Z - an uncursed ring of resist corrosion
Wands
 u - a wand of digging (15/24)
 v - a wand of teleportation (6/9)
 y - a wand of paralysis (14/24)
 z - a wand of disintegration (13/24)
 E - a wand of cold (8/15)
 N - a wand of digging (4/24)
 X - a wand of draining (6/15)
Scrolls
 f - 4 scrolls of recharging
 l - a scroll of blinking
 n - 3 scrolls of fog
 o - 3 scrolls of remove curse
 r - 13 scrolls of teleportation
 B - 3 scrolls of magic mapping
 F - a scroll of noise {unknown}
 G - 2 scrolls of amnesia {unknown}
 O - a scroll of enchant armour {unknown}
 T - a scroll of vulnerability {unknown}
 U - a scroll of fear {unknown}
 V - 2 scrolls of immolation
 Y - a scroll of acquirement {unknown}
Potions
 c - 3 potions of might
 e - 3 potions of flight
 g - 2 potions of cure mutation
 h - 3 potions of brilliance
 j - 7 potions of heal wounds
 k - a potion of invisibility
 s - 5 potions of curing
 w - 2 potions of ambrosia
 A - 3 potions of resistance
 C - 2 potions of cancellation
 D - 3 potions of lignification
 Q - 2 potions of magic {unknown}
 R - 2 potions of mutation {unknown}
Comestibles
 b - 9 bread rations
 m - 8 meat rations
 p - 3 beef jerkies
 x - 4 royal jellies
 J - 15 fruits

Dungeon Overview and Level Annotations

Branches:
Dungeon (10/15)            Temple (0/1) D:6            Lair (5/8) D:8
  Snake (0/4) Lair:3
  Swamp: Lair:3-6    Shoals: Lair:3-6       Orc: D:9-12

Altars:
Ashenzari
Cheibriados
Dithmenos
Fedhas
Gozag
Makhleb
Ru
Vehumet
Xom
The Shining One

Shops:
D:5 [   D:6 ?**:?

Annotations:
D:10 exclusion: orange crystal statue


Message History

The seven-headed hydra completely misses you.
The seven-headed hydra bites you.
The seven-headed hydra bites you but does no damage.
You barely miss the seven-headed hydra.
The seven-headed hydra is heavily wounded.
The porcupine misses you. The yak closely misses you.
The seven-headed hydra bites you! x2
The seven-headed hydra bites you but does no damage.
The seven-headed hydra barely misses you.
The seven-headed hydra bites you but does no damage.
The seven-headed hydra bites you!
The seven-headed hydra bites you but does no damage.
The porcupine bites you but does no damage.
The yak gores you but does no damage.
The seven-headed hydra bites you but does no damage. x2
The seven-headed hydra barely misses you.
The seven-headed hydra bites you! The seven-headed hydra misses you.
The seven-headed hydra closely misses you.
The seven-headed hydra bites you!
You hack one of the seven-headed hydra's heads off!
The six-headed hydra grows two more!
You slice the eight-headed hydra!!
The eight-headed hydra is severely wounded.
The porcupine bites you. The yak gores you but does no damage.
The eight-headed hydra bites you but does no damage.
The eight-headed hydra bites you.
The eight-headed hydra bites you but does no damage.
The eight-headed hydra barely misses you.
The eight-headed hydra bites you but does no damage. x3
The eight-headed hydra barely misses you.
The porcupine completely misses you.
You can feel time thicken for a moment.
You kill the porcupine!
Cheibriados appreciates the change of pace.
You feel somewhat more hungry. The yak gores you!
You die...

..8....................
....####...............
/...###.#....P...#.... .
.......##....#####.#..
#.###........###.#######.
.....##..[.....####..###.
......#.#....<.###.......
.P.....%...#...#.........
.##....%@..#...#.......#.
!......DY[......##..P....
..#.(.%.......###........
#......#....##.........
#....#(...#...#...P....#.
..>#.#..###...#.......#..
.. . ...# #..............
. . ..... ##..........#.#
.. ......#P.........####


You could see an eight-headed hydra and a yak.

Action                   |  1- 3 |  4- 6 |  7- 9 | 10-12 | 13-15 || total
-------------------------+-------+-------+-------+-------+-------++-------
Melee: Unarmed           |   103 |   174 |   340 |   685 |   104 ||  1406
       Triple sword      |       |       |       |       |    61 ||    61
Invok: Slouch            |       |       |       |     9 |     1 ||    10
  Use: Scroll            |       |       |    11 |     8 |     1 ||    20
       Potion            |       |       |     1 |     1 |       ||     2
 Stab: Sleeping          |     1 |     2 |     6 |       |       ||     9
       Invisible         |       |       |     4 |       |       ||     4
  Eat: Chunk             |       |     2 |     7 |    14 |     3 ||    26

Notes
Turn   | Place    | Note
--------------------------------------------------------------
     0 | D:1      | Duffy the Hill Orc Monk began the quest for the Orb.
     0 | D:1      | Reached XP level 1. HP: 19/19 MP: 1/1
     7 | D:1      | Found a snail-covered altar of Cheibriados.
    15 | D:1      | Became a worshipper of Cheibriados the Contemplative
    15 | D:1      | Reached * piety under Cheibriados
    15 | D:1      | Reached ** piety under Cheibriados
   296 | D:1      | Reached XP level 2. HP: 26/26 MP: 2/2
   352 | D:1      | Reached skill level 5 in Unarmed Combat
   480 | D:1      | Reached XP level 3. HP: 31/31 MP: 3/3
   776 | D:2      | Reached *** piety under Cheibriados
   980 | D:2      | Reached skill level 6 in Unarmed Combat
   980 | D:2      | Reached XP level 4. HP: 33/39 MP: 4/4
  1196 | D:2      | Noticed Robin
  1218 | D:2      | Killed Robin
  1592 | D:2      | Found a burning altar of Makhleb.
  1605 | D:2      | Reached XP level 5. HP: 39/45 MP: 5/5
  1649 | D:2      | Noticed Natasha
  1654 | D:2      | Killed Natasha
  1654 | D:2      | Reached skill level 7 in Unarmed Combat
  1680 | D:2      | Reached **** piety under Cheibriados
  1877 | D:3      | Noticed HunterMK1337's ghost (amateur HOFi)
  2119 | D:4      | Found a shadowy altar of Dithmenos.
  2202 | D:4      | Noticed an ogre
  2212 | D:4      | Killed an ogre
  2212 | D:4      | Reached skill level 8 in Unarmed Combat
  2212 | D:4      | Reached XP level 6. HP: 13/51 MP: 6/6
  2452 | D:4      | Noticed HunterMK1337's ghost (amateur MiFi)
  2747 | D:3      | Killed HunterMK1337's ghost
  2747 | D:3      | Reached skill level 9 in Unarmed Combat
  2747 | D:3      | Reached XP level 7. HP: 26/57 MP: 7/7
  3173 | D:3      | Reached ***** piety under Cheibriados
  3731 | D:4      | Reached skill level 4 in Fighting
  3737 | D:4      | Reached skill level 3 in Dodging
  3751 | D:5      | Entered Level 5 of the Dungeon
  3751 | D:5      | Found a radiant altar of Vehumet.
  3760 | D:5      | Noticed Menkaure
  3772 | D:5      | Killed Menkaure
  3881 | D:5      | Found Kaphiwah's Antique Armour Boutique.
  4028 | D:5      | Reached XP level 8. HP: 67/67 MP: 8/8
  4347 | D:5      | Found a shadowy altar of Dithmenos.
  4362 | D:5      | Reached skill level 10 in Unarmed Combat
  4526 | D:6      | Found Himousse's Magic Scroll Shoppe.
  4532 | D:6      | Bought a scroll of identify for 30 gold pieces
  4532 | D:6      | Bought a scroll of identify for 30 gold pieces
  4532 | D:6      | Bought a scroll of identify for 30 gold pieces
  4532 | D:6      | Bought a scroll of teleportation for 45 gold pieces
  4532 | D:6      | Bought a scroll of fog for 30 gold pieces
  4532 | D:6      | Bought a scroll of random uselessness for 15 gold pieces
  4566 | D:6      | Found a sacrificial altar of Ru.
  4598 | D:6      | Reached skill level 5 in Fighting
  4620 | D:6      | Reached skill level 1 in Invocations
  4644 | D:6      | Found Ziazaj's General Store.
  4649 | D:6      | Bought a potion of poison for 13 gold pieces
  4665 | D:6      | Reached skill level 2 in Invocations
  4740 | D:6      | Found Dirraef's Magic Scroll Boutique.
  4747 | D:6      | Bought a scroll of magic mapping for 38 gold pieces
  4747 | D:6      | Bought a scroll of identify for 22 gold pieces
  4747 | D:6      | Bought 3 scrolls of identify for 66 gold pieces
  4758 | D:6      | Found a shimmering altar of Xom.
  4795 | D:6      | Found Hanarest's Book Shop.
  4806 | D:6      | Reached skill level 3 in Invocations
  5036 | D:6      | Reached skill level 4 in Invocations
  5088 | D:6      | Noticed a manticore
  5100 | D:6      | Killed a manticore
  5100 | D:6      | Reached skill level 11 in Unarmed Combat
  5100 | D:6      | Reached skill level 5 in Invocations
  5100 | D:6      | Reached XP level 9. HP: 15/74 MP: 11/13
  5387 | D:6      | Found a staircase to the Ecumenical Temple.
  5419 | D:6      | Found Ypuocoq's General Store.
  5437 | D:6      | Reached skill level 6 in Invocations
  5448 | D:6      | Reached ****** piety under Cheibriados
  5778 | D:4      | Killed HunterMK1337's ghost
  6009 | D:4      | Reached skill level 7 in Invocations
  6479 | D:7      | Reached skill level 12 in Unarmed Combat
  6485 | D:7      | Reached skill level 8 in Invocations
  6966 | D:7      | Reached skill level 9 in Invocations
  6966 | D:7      | Reached XP level 10. HP: 76/81 MP: 16/16
  7184 | D:7      | Found a blossoming altar of Fedhas.
  7196 | D:7      | Found an opulent altar of Gozag.
  7289 | D:7      | Reached skill level 1 in Armour
  7289 | D:7      | Reached skill level 4 in Dodging
  7493 | D:7      | Reached skill level 2 in Armour
  7889 | D:8      | Noticed CipHuK's ghost (novice DrFi)
  7918 | D:8      | Killed CipHuK's ghost
  7918 | D:8      | Reached skill level 6 in Fighting
  7918 | D:8      | Reached skill level 3 in Armour
  7918 | D:8      | Reached skill level 13 in Unarmed Combat
  8454 | D:8      | Found a staircase to the Lair.
  8499 | D:8      | Found a shattered altar of Ashenzari.
  8842 | D:9      | Reached skill level 4 in Armour
  9105 | D:9      | Reached skill level 7 in Fighting
  9105 | D:9      | Reached XP level 11. HP: 78/92 MP: 17/17
  9150 | D:9      | Reached skill level 5 in Dodging
  9156 | D:9      | Found a glowing golden altar of the Shining One.
  9398 | D:10     | Entered Level 10 of the Dungeon
  9476 | D:10     | Noticed a manticore
  9484 | D:10     | Killed a manticore
  9634 | D:10     | Noticed Sonja
  9635 | D:10     | Killed Sonja
  9635 | D:10     | Reached skill level 5 in Armour
  9635 | D:10     | Reached skill level 14 in Unarmed Combat
  9697 | D:10     | Noticed Nergalle
  9699 | D:10     | Noticed an orange crystal statue
  9699 | D:10     | Noticed Maurice
  9708 | D:10     | Killed Nergalle
  9711 | D:10     | Killed Maurice
  9875 | D:10     | Got a fine hat
  9886 | D:10     | Identified the +0 hat of Xauggem {rC+ rN+ Int+2 Dex+6} (You found it on level 10 of the Dungeon)
  9896 | D:10     | Noticed a hill giant
  9913 | D:10     | Killed a hill giant
  9913 | D:10     | Reached skill level 8 in Fighting
 10085 | Lair:1   | Entered Level 1 of the Lair of Beasts
 10114 | Lair:1   | Reached skill level 6 in Armour
 10168 | Lair:1   | Noticed a wolf spider
 10179 | Lair:1   | Killed a wolf spider
 10294 | Lair:1   | Reached skill level 1 in Long Blades
 10505 | Lair:1   | Gained mutation: Your flesh is cold resistant. [potion of beneficial mutation]
 10582 | Lair:1   | Reached skill level 2 in Long Blades
 10582 | Lair:1   | Reached skill level 6 in Dodging
 10596 | Lair:1   | Reached XP level 12. HP: 80/103 MP: 18/18
 10622 | Lair:1   | Reached skill level 3 in Long Blades
 10862 | Lair:1   | Reached skill level 4 in Long Blades
 10880 | Lair:1   | Reached skill level 9 in Fighting
 10897 | Lair:1   | Got a shimmering turquoise ring
 10952 | Lair:1   | Reached skill level 7 in Armour
 11536 | Lair:2   | Reached skill level 5 in Long Blades
 12309 | Lair:3   | Reached skill level 6 in Long Blades
 12535 | Lair:3   | Reached skill level 7 in Dodging
 12665 | Lair:3   | Found a staircase to the Snake Pit.
 13077 | Lair:3   | Reached skill level 10 in Fighting
 13077 | Lair:3   | Reached skill level 7 in Long Blades
 13582 | Lair:4   | Reached skill level 8 in Armour
 13587 | Lair:4   | Reached XP level 13. HP: 113/113 MP: 19/19
 13744 | Lair:4   | Reached skill level 8 in Long Blades
 13900 | Lair:4   | Identified the ring of the Leaf {rPois rN++ Dex+3} (You found it on level 1 of the Lair of Beasts)
 14011 | Lair:4   | Reached skill level 9 in Long Blades
 14554 | Lair:5   | Reached skill level 9 in Armour
 14554 | Lair:5   | Reached skill level 8 in Dodging
 14794 | Lair:5   | Slain by a yak

Vault maps used:
D:1:      dpeg_arrival_houses_and_road, minivault_25, cheibriados_altar_1
D:2:      makhleb_heckhound_becter, minmay_misc_feat_plants, uniq_robin,
          uniq_natasha
D:3:      first_bread
D:4:      nicolae_overflow_hidden_temple, st_stairs_11,
          minmay_misc_feat_hallway, grunt_decor_one_mirror,
          kennysheep_generic_room_14
D:5:      vehumet_crystals, serial_shops, nicolae_shop_crystal,
          hangedman_decor_slide_cut, grunt_dithmenos_smoke_and_mirrors,
          uniq_menkaure
D:6:      kennysheep_mini, minmay_temple_entry_junction, basic_altar,
          serial_shops, shop, shop, shop, shop, nicolae_shop_stone
D:7:      old_forge, amethyst_overflow_temple_binary, the_bakery,
          kennysheep_generic_room_15
D:8:      marbit_many_paths, kennysheep_dice
D:9:      nicolae_tso_swordbearing_angel
D:10:     minmay_wavy_crystal, minmay_orc_entry_temple_small, minivault_16,
          uniq_maurice, uniq_nergalle, uniq_sonja
Lair:1:   minmay_lair_venomous_thicket, st_stairs_5
Lair:2:   infiniplex_staircase_pool
Lair:3:   gammafunk_lair_bear_cave, minmay_snake_entry_guardpost_medium
Lair:4:   lemuel_fruit_tree, lemuel_fruit_fields
Lair:5:   grunt_megastairs_4

Vanquished Creatures
  2 hydras
  The ghost of CipHuK the Basher, a novice DrFi of Okawaru Sonja Nergalle
  A hill giant
  A wolf spider
  2 manticores Maurice
  3 black mambas
  11 spiny frogs
  4 komodo dragons
  A yaktaur
  A fire drake
  A two-headed ogre
  A troll
  3 polar bears
  21 blink frogs
  A spriggan
  A basilisk
  The ghost of HunterMK1337 the Chopper, an amateur MiFi
  18 yaks
  The ghost of HunterMK1337 the Slasher, an amateur HOFi Menkaure
  3 hippogriffs
  13 wolves
  5 nagas
  6 water moccasins
  5 porcupines
  4 ice beasts
  6 black bears
  5 phantoms
  2 orc warriors
  A sky beast
  A necrophage
  5 centaurs
  An eye of draining
  9 ogres
  15 crocodiles
  A big kobold
  A wyvern zombie
  A gnoll sergeant
  13 giant frogs
  8 scorpions
  A water moccasin skeleton
  6 killer bees
  5 wights
  3 crimson imps
  A giant frog zombie
  A quasit
  13 hounds
  A centaur zombie
  4 jellies
  3 orc priests
  3 centaur skeletons
  7 iguanas
  A giant frog skeleton Natasha
  7 orc wizards
  A worker ant
  A killer bee zombie
  A hound zombie
  3 hound skeletons
  A worker ant zombie Robin
  9 gnolls
  21 adders
  22 river rats
  2 shadow imps
  3 oozes
  2 adder skeletons
  An adder zombie
  7 worms
  5 giant geckos
  38 orcs
  11 giant cockroaches
  20 goblins
  18 hobgoblins
  4 jackals
  A quokka
  16 bats
  5 giant newts
  9 kobolds
  2 quokka skeletons
  6 rats
  A butterfly
  11 fungi
  3 plants
466 creatures vanquished.
